Map: Hard Lead LE

Players

llllllllllll

  • Race: Protoss Protoss
  • League: Master
  • Spawn Location: 5:00

Jellyfish - Winner!

  • Race: Zerg Zerg
  • League: Master
  • Spawn Location: 11:00

VOD

Have the link to the VOD?

Description

Time

  • Played on: Dec. 14, 2023, 7:57 a.m.
  • Length: 14:38
Show
View Real Time Build Order
Export as new Build Order

llllllllllll Protoss 

Build Orders:  

Get SALT Encoding   

  12  0:00  Probe  
  13  0:12  Probe  
  14  0:19  Pylon  
  14  0:25  Probe  
  15  0:38  Gateway  
  15  0:39  Probe  
  16  0:44  Assimilator  
  16  0:51  Probe  
  17  1:00  Gateway  
  17  1:03  Probe  
  18  1:11  Pylon  
  18  1:15  Probe  
  19  1:28  Zealot (Chrono Boost), Cybernetics Core  
  21  1:33  Probe  
  22  1:46  Pylon  
  22  2:02  Probe  
  22  2:03  Adept x2 (Chrono Boost)  
  22  2:04  Warp Gate  
  27  2:27  Nexus  
  27  2:36  Probe  
  28  2:42  Robotics Facility  
  26  3:00  Stalker  
  28  3:15  Probe  
  29  3:27  Shield Battery, Probe  
  29  3:29  Observer (Chrono Boost)  
  29  3:32  Pylon  
  31  3:41  Probe x2  
  33  3:44  Immortal (Chrono Boost)  
  37  3:53  Probe x2  
  38  4:05  Probe (Chrono Boost)  
  38  4:06  Pylon  
  38  4:09  Probe (Chrono Boost)  
  40  4:19  Immortal (Chrono Boost)  
  40  4:24  Probe  
  44  4:25  Probe  
  44  4:30  Gateway  
  46  4:33  Gateway  
  46  4:35  Gateway  
  46  4:37  Gateway  
  46  4:42  Gateway  
  46  4:48  Warp Prism (Chrono Boost)  
  48  4:59  Sentry  
  50  5:00  Probe x2  
  50  5:02  Pylon  
  52  5:07  Adept  
  52  5:11  Pylon  
  52  5:12  Probe x2  
  56  5:27  Pylon  
  56  5:34  Adept x2  
  56  5:35  Zealot x3  
  66  5:47  Probe  
  66  5:49  Assimilator  
  67  5:50  Pylon  
  67  5:54  Adept x3  
  67  5:56  Zealot  
  75  6:01  Pylon  
  75  6:02  Probe x2  
  71  6:09  Adept  
  71  6:10  Zealot x2  
  67  6:22  Probe x2  
  67  6:34  Stalker x2, Probe x2  
  67  6:35  Zealot x3  
  79  6:43  Adept x2  
  79  6:46  Probe  
  74  6:56  Stalker  
  74  6:57  Zealot x3  
  76  7:03  Stalker  
  78  7:11  Probe x2  
  80  7:26  Stalker  
  80  7:27  Stalker  
  80  7:28  Adept  
  80  7:29  Adept  
  88  7:39  Assimilator  
  88  7:41  Assimilator  
  88  7:50  Immortal (Chrono Boost)  
  90  8:02  Nexus, Pylon  
  90  8:07  Sentry  
  90  8:10  Probe x2  
  86  8:19  Observer  
  86  8:22  Probe, Pylon  
  86  8:25  Pylon  
  91  8:27  Immortal (Chrono Boost), Adept x3  
  91  8:28  Zealot x2  
  91  8:33  Shield Battery  
  101  8:37  Forge  
  101  8:46  Probe x2  
  103  8:50  Pylon  
  103  8:54  Robotics Bay  
  103  8:55  Sentry  
  105  8:57  Warp Prism (Chrono Boost)  
  105  9:02  Probe  
  108  9:07  Protoss Ground Weapons Level 1 (Chrono Boost)  
  108  9:15  Probe x3  
  111  9:20  Photon Cannon  
  111  9:27  Probe x3  
  114  9:33  Zealot x4  
  122  9:40  Probe x3  
  117  9:54  Disruptor (Chrono Boost)  
  117  9:58  Probe x2  
  111  10:00  Sentry x2  
  111  10:05  Adept x3  
  121  10:12  Probe x2  
  123  10:15  Assimilator  
  123  10:16  Extended Thermal Lance, Assimilator  
  123  10:19  Colossus (Chrono Boost)  
  123  10:20  Pylon  
  129  10:27  Adept  
  131  10:31  Photon Cannon  
  131  10:35  Pylon  
  131  10:37  Stalker x3  
  131  10:41  Probe x2  
  139  10:53  Protoss Ground Armor Level 1 (Chrono Boost)  
  139  11:02  Twilight Council, Colossus (Chrono Boost)  
  143  11:27  Gateway  
  143  11:28  Gateway  
  143  11:31  Robotics Facility  
  143  11:32  Pylon  
  143  11:36  Blink (Chrono Boost)  
  141  11:43  Nexus  
  141  11:47  Colossus (Chrono Boost)  
  135  11:50  Pylon  
  135  11:51  Pylon  
  141  11:59  Templar Archives  
  141  12:00  Zealot x5  
  141  12:01  Zealot  
  153  12:19  Immortal  
  153  12:22  Photon Cannon  
  157  12:25  Photon Cannon  
  157  12:27  Shield Battery  
  157  12:28  Probe x2  
  159  12:34  Immortal  
  139  12:59  High Templar x4  
  139  13:00  Zealot x3  
  139  13:03  Immortal  
  139  13:04  Psionic Storm, Phoenix  
  157  13:06  Forge  
  157  13:12  Colossus  
  157  13:16  Assimilator  
  157  13:17  Assimilator, Probe x4  
  163  13:29  Archon x2  
  149  13:38  Stalker x5  
  149  13:39  Stalker x2  
  119  14:01  Photon Cannon  
  119  14:02  Photon Cannon, Stalker x2  
  119  14:03  Stalker x5  
  117  14:27  Stalker x5  
Show
View Real Time Build Order
Export as new Build Order

Jellyfish Zerg - Winner!

Build Orders: Hatch First 

Get SALT Encoding   

  12  0:00  Drone  
  13  0:12  Overlord  
  13  0:16  Drone  
  14  0:30  Drone x2  
  16  0:49  Hatchery  
  15  0:52  Drone  
  15  0:56  Drone  
  17  1:02  Drone  
  18  1:17  Drone  
  19  1:31  Drone  
  19  1:32  Extractor  
  19  1:36  Spawning Pool  
  18  1:42  Drone  
  19  1:57  Overlord  
  19  2:09  Drone  
  20  2:22  Queen x2  
  20  2:25  Zergling x10  
  20  2:26  Zergling x2  
  30  2:32  Metabolic Boost  
  30  2:42  Drone x2  
  28  3:15  Drone x6  
  34  3:26  Overlord  
  34  3:33  Drone  
  35  3:34  Drone  
  36  3:47  Hatchery  
  35  3:50  Drone  
  35  3:51  Drone x3, Overlord  
  35  3:52  Overlord  
  39  3:57  Queen  
  41  4:06  Drone  
  41  4:07  Roach Warren  
  41  4:10  Evolution Chamber  
  40  4:18  Drone x2  
  42  4:26  Drone x2  
  42  4:31  Queen  
  44  4:33  Overlord  
  44  4:35  Queen  
  48  4:39  Zerg Missile Weapons Level 1  
  48  4:46  Overlord  
  48  4:47  Overlord x2  
  48  4:51  Roach x2  
  52  5:03  Roach x4  
  52  5:07  Roach  
  62  5:09  Queen  
  64  5:20  Roach x2  
  68  5:22  Zergling x10  
  72  5:36  Zergling x16  
  80  5:48  Queen  
  82  5:55  Roach  
  82  5:56  Roach x2  
  85  6:07  Roach  
  85  6:08  Zergling x6, Roach  
  79  6:19  Zergling x14  
  79  6:20  Zergling x6  
  89  6:31  Overlord  
  89  6:32  Overlord x2  
  89  6:42  Zergling x2  
  89  6:45  Zergling x2  
  89  6:46  Zergling x2  
  79  6:56  Zergling x10  
  82  7:02  Zergling x12  
  82  7:03  Zergling x10  
  93  7:10  Zerg Melee Weapons Level 1  
  93  7:13  Zergling x4  
  90  7:54  Drone x11  
  98  8:11  Lair  
  98  8:12  Extractor  
  97  8:21  Drone  
  97  8:23  Drone x10  
  97  8:24  Overlord x2  
  97  8:25  Overlord  
  108  8:30  Extractor  
  107  8:37  Baneling Nest  
  107  8:41  Queen  
  108  9:05  Roach x7  
  108  9:07  Overlord x4  
  108  9:08  Glial Reconstitution  
  122  9:15  Zergling x6  
  125  9:20  Hatchery  
  124  9:27  Zergling x22  
  124  9:29  Centrifugal Hooks  
  135  9:38  Baneling x7  
  135  9:39  Baneling x2  
  114  10:07  Spore Crawler  
  113  10:18  Drone x6  
  119  10:21  Extractor  
  119  10:22  Extractor  
  119  10:27  Zerg Melee Weapons Level 2  
  117  10:28  Drone  
  117  10:29  Drone x2, Extractor x2  
  117  10:31  Zergling x6, Hatchery  
  117  10:32  Zergling x18  
  117  10:34  Extractor  
  128  10:41  Queen x2  
  132  10:55  Drone  
  132  10:56  Drone x4  
  137  10:57  Drone x3  
  137  11:21  Spire  
  134  11:26  Baneling  
  134  11:27  Zergling x2, Baneling x13  
  134  11:28  Zergling x28  
  147  11:54  Zergling x24  
  148  11:57  Baneling  
  148  11:58  Baneling x10  
  148  11:59  Drone  
  148  12:00  Drone x2  
  162  12:01  Drone x2  
  162  12:02  Drone  
  152  12:26  Overlord x2  
  152  12:34  Mutalisk x9  
  152  12:35  Mutalisk x2  
  149  12:54  Mutalisk x6  
  149  12:56  Zergling x2  
  149  12:57  Zergling x10  
  149  12:58  Zergling x16  
  160  13:12  Mutalisk  
  160  13:13  Mutalisk x3  
  149  13:40  Mutalisk x3  
  149  13:41  Mutalisk x3  
  127  13:58  Zergling x14  
  127  13:59  Zergling x26  
Tags
 
Add a new tag
Caveats
  • Supply blocks, unpowered buildings, or Contaminate may cause inaccurate times.
  • Supply counts are checked every 10 seconds.